Unix NetHack Version 5.0.0-0 post-release - last build May 31 2026 13:37:37 (4f47d67043fb8e84071ad9bc9740482a2de5bd5e,branch:main).

Game began 2026-05-31 10:07:44, ended 2026-05-31 18:56:46.

Galadhan1, lawful female dwarven Valkyrie

      -----             -----------      ----------
      |...|             |.........|      .........|
      |...-#            |.........|     #|........|
      |..^|#############..........-######.........|
      |...|             -----.-----    ##|........|
      |...|                  #         ##|........|
      ---.-                            ##----------
       ###                             ##
       #                               #
       #                               #
       #                               #
 ------|-----                          #
 |..........|                          #
 |..........|                          #                      #
 |..........|          ----------------#############################@#
 |...........##        |..............|#                      #  ----@-
 ------------ #########-..........<...-#                         +.\).|
                       |..............|#                         |..(.|
                       ----------------#                         ------

Galadhan1 the Fighter       St:16 Dx:11 Co:20 In:9 Wi:11 Ch:10  Lawful
Dlvl:9  $:417 HP:0(86) Pw:7(7) AC:3  Xp:7 T:7843 

Latest messages:
 You hear a door open.
 You kill the hobgoblin!
 The hobgoblin picks up an orcish helm.
 You kill the hobgoblin!
 The bugbear picks up an orcish helm.
 You hit the bugbear!
 The bugbear hits!
 You hit the bugbear!
 The bugbear misses!
 You kill the bugbear!
 The Elvenqueen picks up an orcish helm.
 You hit the Elvenqueen!
 You miss the Elvenqueen.
 The Elvenqueen swings her elven broadsword.
 The Elvenqueen hits!
 The Elvenqueen swings her elven broadsword.
 The Elvenqueen hits again!
 You hit the Elvenqueen!
 The Elvenqueen swings her elven broadsword.
 The Elvenqueen hits!
 The Elvenqueen swings her elven broadsword.
 The Elvenqueen hits again!
 What do you want to drink? [egistBMT or ?*] *
 You feel better.
 What do you want to drink? [egistBMT or ?*] e
 You feel better.
 The Elvenqueen swings her elven broadsword.
 The Elvenqueen hits!
 The Elvenqueen swings her elven broadsword.
 The Elvenqueen hits again!
 What do you want to throw? [$bno or ?*] *
 In what direction? n
 The potion of paralysis misses the Elvenqueen.
 An uncursed potion of paralysis shatters!
 You smell a peculiar odor...
 Something seems to be holding you.
 The Elvenqueen swings her elven broadsword.
 The Elvenqueen hits!
 The Elvenqueen swings her elven broadsword.
 The Elvenqueen hits again!
 The Elvenqueen swings her elven broadsword.
 The Elvenqueen hits!
 The Elvenqueen swings her elven broadsword.
 The Elvenqueen hits again!
 You die...
 Do you want your possessions identified? [ynq] (y) y
 Do you want to see your attributes? [ynq] (y) y
 Do you want an account of creatures vanquished? [ynaq] (y) n
 Do you want to see your conduct and achievements? [ynq] (y) n
 Do you want to see the dungeon overview? [ynq] (y) y

Inventory:
 Coins    ('$')
  $ - 417 gold pieces
 Weapons  (')')
  n - 3 rustproof +0 daggers
  b - 4 +0 daggers (at the ready)
  o - a thoroughly rusty -1 long sword
  O - a +3 silver saber (weapon in right hand)
 Armor    ('[')
  h - a cursed +0 pair of jumping boots
  H - an uncursed +0 pair of low boots (being worn)
  c - an uncursed +3 small shield (being worn)
  q - a cursed +0 cloak of magic resistance
  l - an uncursed +0 leather armor (being worn)
 Comestibles  ('%')
  u - an uncursed sprig of wolfsbane
  z - an uncursed homemade tin of monkey meat
 Scrolls  ('?')
  x - a blessed scroll of blank paper
  w - a cursed scroll of blank paper
  C - 2 uncursed scrolls of confuse monster
  A - a blessed scroll of enchant armor
  y - a cursed scroll of enchant weapon
  a - an uncursed scroll of identify
  d - a blessed scroll of light
  r - a cursed scroll of remove curse
 Potions  ('!')
  e - an uncursed potion of healing
  B - a cursed potion of invisibility
  g - an uncursed potion of monster detection
  t - a cursed potion of object detection
  s - an uncursed potion of sickness
  T - 2 uncursed potions of water
  M - a potion of unholy water
 Rings    ('=')
  V - an uncursed ring of poison resistance (on right hand)
  G - a cursed ring of sustain ability
  I - a cursed ring of warning
 Wands    ('/')
  K - a cursed wand of cancellation (0:4)
  J - a cursed wand of polymorph (0:5)
  Q - a wand of stasis (0:2)
 Tools    ('(')
  p - an uncursed brass lantern
  L - a cursed can of grease (0:6)
  S - a magic marker (0:67)
  f - an uncursed skeleton key
 Gems/Stones  ('*')
  j - 2 uncursed worthless pieces of black glass
  F - 3 uncursed worthless pieces of blue glass
  N - an uncursed worthless piece of orange glass
  v - 3 uncursed worthless pieces of violet glass
  k - 2 uncursed worthless pieces of yellow glass
  D - 3 uncursed worthless pieces of yellowish brown glass

Galadhan1 the Valkyrie's attributes:

Background:
 You were a Fighter, a level 7 dwarven Valkyrie.
 You were lawful, on a mission for Tyr
 who was opposed by Odin (neutral) and Loki (chaotic).
 You were right-handed.
 You were in the Dungeons of Doom, on level 9.
 You entered the dungeon 7843 turns ago.
 There was a full moon in effect when your adventure ended.
 You had 1207 experience points, 73 more were needed to attain level 8.

Basics:
 You had 0 out of 86 hit points.
 You had all 7 energy points (spell power).
 Your armor class was 3.
 Your wallet contained 417 zorkmids.
 Autopickup was off.

Final Characteristics:
 Your strength was 16 (limit:18/100).
 Your dexterity was 11 (limit:20).
 Your constitution was 20 (limit:20).
 Your intelligence was 9 (limit:16).
 Your wisdom was 11 (limit:16).
 Your charisma was 10 (limit:16).

Final Status:
 You weren't hungry.
 You were unencumbered.
 You were wielding a saber.
 You had basic skill with saber.

Final Attributes:
 You were piously aligned.
 You were cold resistant.
 You were poison resistant.
 You had infravision.
 You were stealthy.
 You were warded.
 You were fast.
 You were lucky.
 You are dead.

Miscellaneous:
 You encountered 1 bones level.
 Total elapsed playing time was 3 hours, 11 minutes and 53 seconds.

Major events:
 Turn
    1: Galadhan1 the lawful dwarven Valkyrie entered the dungeon
  710: entered the Gnomish Mines
 1183: attained the rank of Skirmisher (level 3)
 4386: attained the rank of Fighter (level 6)
 4498: reached Mine Town
 7843: killed by an Elvenqueen, while frozen by a potion

You didn't know any spells.

Skills:
 Fighting Skills
   bare handed combat [Unskilled]
   two weapon combat  [Unskilled]
   riding             [Unskilled]
 Weapon Skills
   dagger             [Basic]
   axe                [Unskilled]
   pick-axe           [Unskilled]
   short sword        [Unskilled]
   broadsword         [Unskilled]
   long sword         [Unskilled]
   two-handed sword   [Unskilled]
   saber              [Basic]
   hammer             [Unskilled]
   quarterstaff       [Unskilled]
   polearms           [Unskilled]
   spear              [Skilled]
   trident            [Unskilled]
   lance              [Unskilled]
   sling              [Unskilled]
 Spellcasting Skills
   attack spells      [Unskilled]
   escape spells      [Unskilled]

Voluntary challenges:
 Character rerolling was not enabled.
 You never genocided any monsters.
 You never polymorphed an object.
 You never changed form.
 You used no wishes.
Achievements:
 You entered the Gnomish Mines.
 You attained the rank of Skirmisher.
 You entered a shop.
 You attained the rank of Fighter.
 You entered Minetown.
 You entered a temple.

 The Dungeons of Doom: levels 1 to 9
    Level 1:
       A fountain.
    Level 2:
       Stairs down to The Gnomish Mines.
    Level 3:
    Level 4:
    Level 5:
       A grave.
    Level 6:
       A scroll shop, a fountain.
    Level 7:
       A grave.
       Oracle of Delphi.
       Final resting place for
          LJY0408-Wiz-Elf-Mal-Cha, killed by a baby crocodile.
    Level 8:
    Level 9: <- You were here.
       A throne.
       Final resting place for
          you, killed by an Elvenqueen, while frozen by a potion.
 The Gnomish Mines: levels 3 to 8
    Level 3:
    Level 4:
    Level 5:
       Many shops, a temple and an altar to Tyr, some fountains, some trees.
    Level 6:
    Level 7:
    Level 8:


Vanquished creatures:
  a ghost
  3 small mimics
  a quivering blob
  3 winter wolf cubs
  a leprechaun
  a gold golem
  a housecat
  a snake
  a human zombie
  a bugbear
 an imp
  2 orc shamans
  a rock piercer
  3 rock moles
  3 fog clouds
  a shrieker
  3 gnome leaders
  a gray ooze
  2 elf zombies
  a paper golem
  a baby crocodile
  2 giant ants
  a little dog
  a floating eye
  2 kittens
  a homunculus
  8 hill orcs
  2 rothes
  a rabid rat
  2 giant bats
  2 orc zombies
  a dwarf zombie
  5 iguanas
 an acid blob
  5 coyotes
  3 gas spores
  a hobbit
  8 manes
  a large kobold
  2 hobgoblins
  5 giant rats
  5 cave spiders
  a brown mold
  3 yellow molds
  3 red molds
 13 gnomes
  5 geckos
  8 jackals
  4 foxes
  4 kobolds
  4 sewer rats
  6 grid bugs
  2 bats
  5 lichens
  a kobold zombie
 10 newts
161 creatures vanquished.

No species were genocided or became extinct.

Game over:
                       ----------
                      /          \
                     /    REST    \
                    /      IN      \
                   /     PEACE      \
                  /                  \
                  |    Galadhan1     |
                  |      417 Au      |
                  |   killed by an   |
                  |    Elvenqueen    |
                  |                  |
                  |                  |
                  |       2026       |
                 *|     *  *  *      | *
        _________)/\\_//(\/(/\)/\//\/|_)_______

Farvel Galadhan1 the Valkyrie...

You died in The Dungeons of Doom on dungeon level 9 with 5614 points,
and 417 pieces of gold, after 7843 moves.
You were level 7 with a maximum of 86 hit points when you died.

